Atomiques vs Senators
Created - April 11, 2019 at 19:45
Goals
|
| Atomiques |
3 |
3 |
1 |
7 |
| Senators |
1 |
2 |
1 |
4 |
|
Shots
|
| Atomiques |
9 |
12 |
13 |
34 |
| Senators |
9 |
7 |
12 |
28 |
|
1st period
1. Senators , Gabriel Bourque 53 (Stephane Da Costa 64) at 9:43 (PP)
2. Atomiques , Ryan Shannon 35 (Dwight King 49, Tyler Brenner 36) at 12:28
3. Atomiques , Ryan Shannon 36 (Tyler Brenner 37) at 13:36
4. Atomiques , Brock McGinn 10 (John Draeger 9) at 17:35
Penalties :
Corey Tropp (STB) for Holding (Minor) at 6:42, Dwight King (STB) for Boarding (Minor) at 9:41, Matt Frattin (BIN) for Hooking (Minor) at 15:16, Nick Foligno (BIN) for Goalie Interference (Minor) at 17:53
2nd period
5. Atomiques , Ryan Shannon 37 (Brock McGinn 26, Anthony Nigro 8) at 2:33
6. Atomiques , Anthony Nigro 10 (Brock McGinn 27, Colby Cohen 22) at 5:12
7. Senators , Stephane Da Costa 48 (Gabriel Bourque 73) at 5:22
8. Senators , Zemgus Girgensons 13 (Johannes Salmonsson 16) at 9:16 (SH)
9. Atomiques , Kenndal McArdle 16 (Rickard Rakell 53, Wiley Sherman 16) at 14:23
Penalties :
Gabriel Bourque (BIN) for Tripping (Minor) at 8:31, Marc-André Bernier (BIN) for Holding (Minor) at 14:45, Phil Di Giuseppe (BIN) for Roughing (Minor) at 17:35
3rd period
10. Atomiques , Ryan Shannon 38 (Tyler Brenner 38, Dwight King 50) at 1:28
11. Senators , Tomas Jurco 14 (Johannes Salmonsson 17) at 8:37
Penalties :
Gabriel Bourque (BIN) for Holding (Minor) at 16:44
Goalie Stats
Jake Allen (STB), 24 saves from 28 shots - (0.857), W, 20-28-8, 60:00 minutes
Ben Bishop (BIN), 21 saves from 24 shots - (0.875), L, 8-20-0, 37:27 minutes
Brad Thiessen (BIN), 6 saves from 10 shots - (0.600), 22:33 minutes
Players Stats for Atomiques
Player Name G A P +/- PIM S H SB GA TA FO MP PP MP PK MP
------------------------------------------------------------------------------------
Anthony Nigro 1 1 2 2 0 6 3 0 1 0 2/4 10:34 0:00 0:00
Bobby Farnham 0 0 0 2 0 0 1 0 0 0 0/0 10:34 0:00 0:00
Brock McGinn 1 2 3 2 0 3 1 0 0 0 0/0 10:34 0:00 0:00
Carl Dahlstrom 0 0 0 3 0 0 0 0 0 1 0/0 11:08 0:36 0:00
Colby Cohen 0 1 1 0 0 1 5 1 0 0 0/0 26:30 7:18 1:04
Corey Tropp 0 0 0 0 2 4 4 0 0 0 0/0 17:22 5:16 0:00
Dalton Smith 0 0 0 -1 0 2 1 1 0 0 0/0 8:13 0:00 0:00
Dwight King 0 2 2 3 2 3 1 0 0 0 3/3 22:58 6:31 1:18
Eric Gustafsson 0 0 0 -1 0 1 2 3 0 2 0/0 27:02 6:28 0:00
Eric Mestery 0 0 0 2 0 0 2 1 1 0 0/0 18:34 4:00 0:57
Jacob De La Rose 0 0 0 -1 0 1 0 0 0 0 0/0 8:13 0:00 0:00
John Draeger 0 1 1 2 0 0 1 0 0 1 0/0 19:23 4:42 0:57
Joseph Cramarossa 0 0 0 0 0 0 0 0 0 0 0/1 0:11 0:00 0:11
Kenndal McArdle 1 0 1 0 0 2 4 0 0 1 0/2 17:55 5:16 0:32
Lucas Wallmark 0 0 0 0 0 0 0 0 0 0 0/0 0:00 0:00 0:00
Max McCormick 0 0 0 0 0 0 0 0 0 0 1/1 0:21 0:15 0:00
Mike Halmo 0 0 0 0 0 0 0 0 0 0 0/0 0:17 0:07 0:09
Mitch Callahan 0 0 0 -1 0 0 1 0 2 0 0/0 8:16 0:03 0:00
Rasmus Ristolainen 0 0 0 0 0 0 0 0 0 1 0/0 3:15 0:00 0:28
Rickard Rakell 0 1 1 0 0 4 3 1 2 1 8/15 17:10 5:08 0:00
Ryan Shannon 4 0 4 3 0 6 3 0 1 0 1/2 23:06 6:35 1:20
Tyler Brenner 0 3 3 3 0 0 1 1 0 0 13/36 22:13 6:31 0:32
Wiley Sherman 0 1 1 2 0 1 0 1 0 3 0/0 14:08 0:44 0:36
Players Stats for Senators
Player Name G A P +/- PIM S H SB GA TA FO MP PP MP PK MP
------------------------------------------------------------------------------------
Arturs Kulda 0 0 0 -2 0 2 2 0 1 1 0/0 27:50 1:09 6:36
Chandler Stephenson 0 0 0 -1 0 0 0 0 0 0 1/3 8:24 0:00 0:00
Gabriel Bourque 1 1 2 -1 4 5 1 0 0 1 2/2 21:43 1:12 4:16
Johannes Salmonsson 0 2 2 0 0 0 2 0 2 0 0/0 14:48 0:00 5:08
Keegan Lowe 0 0 0 -1 0 1 1 0 0 0 0/0 11:44 0:00 0:00
Marc-André Bernier 0 0 0 -1 2 2 3 0 0 1 2/2 15:58 1:12 0:00
Mason Geertsen 0 0 0 -1 0 0 0 0 0 0 0/0 11:44 0:00 0:00
Matt Frattin 0 0 0 -2 2 0 3 0 1 0 0/1 13:48 0:49 0:00
Nick Foligno 0 0 0 -2 2 2 1 0 1 0 1/4 16:18 0:49 2:34
Olli Maatta 0 0 0 -2 0 4 2 1 0 0 0/0 27:50 1:09 6:36
Phil Di Giuseppe 0 0 0 -1 2 3 2 1 1 0 0/1 11:57 0:00 3:15
Samuel Morin 0 0 0 -1 0 0 1 3 0 2 0/0 20:26 0:52 5:18
Scott Harrington 0 0 0 -1 0 2 1 2 0 2 0/0 20:26 0:52 5:18
Sebastian Wannstrom 0 0 0 -1 0 1 0 0 2 0 0/0 8:24 0:00 0:00
Stephane Da Costa 1 1 2 -1 0 2 1 0 1 0 19/33 24:25 1:12 6:50
Tomas Jurco 1 0 1 -1 0 2 1 1 0 0 0/0 8:23 0:00 0:00
Tommy Wingels 0 0 0 -2 0 1 1 0 1 0 9/15 13:43 0:49 0:00
Zemgus Girgensons 1 0 1 0 0 1 0 0 0 0 2/3 10:09 0:00 1:45
3 Stars
1 - Ryan Shannon (STB)
2 - Brock McGinn (STB)
3 - Tyler Brenner (STB)
Power Play
Atomiques - 0 on 6 Attempt(s) - 0.00%
Senators - 1 on 2 Attempt(s) - 50.00%
Penalty Kill
Atomiques - 1 on 2 Attempt(s) - 50.00%
- Score 0 goal in Penalty Kill
Senators - 6 on 6 Attempt(s) - 100.00%
- Score 1 goal in Penalty Kill
Team Stat
Atomiques - Hits : 33 - Faceoff Wins : 28 - Blocked Shots : 9 - Penalty Minutes : 4
Senators - Hits : 22 - Faceoff Wins : 36 - Blocked Shots : 8 - Penalty Minutes : 12
Official
Referees : Unknown
Linesman : Unknown
Game Notes
Rasmus Ristolainen is injured at 7:10 of 1st period (Sports Hernia)
Ryan Shannon has scored a Hat Trick!
Ben Bishop enters game at 2:33 of 2nd period
Finance
Level 1 -- Attendance: 1520 (76.00%) -- Ticket Income $50,160
Level 2 -- Attendance: 714 (71.40%) -- Ticket Income $10,710
Total Attendance: 2234 (74.47%)
Total Ticket Income: $60,870
Other Income: $3,044
Total Income: $63,914
Atomiques
5 vs 5 Forward
Center Left Wing Right Wing Time % Phy DF OF
1 Tyler Brenner Dwight King Ryan Shannon 40 1 2 2
2 Rickard Rakell Kenndal McArdle Corey Tropp 30 1 2 2
3 Anthony Nigro Brock McGinn Bobby Farnham 20 1 2 2
4 Jacob De La Rose Dalton Smith Mitch Callahan 10 1 2 2
5 vs 5 Defense
Defense Defense Time % Phy DF OF
1 Rasmus Ristolainen Colby Cohen 40 1 2 2
2 Eric Mestery John Draeger 30 1 2 2
3 Eric Gustafsson Wiley Sherman 20 1 2 2
4 Carl Dahlstrom Rasmus Ristolainen 10 1 2 2
PowerPlay Forward
Center Left Wing Right Wing Time % Phy DF OF
1 Tyler Brenner Dwight King Ryan Shannon 60 1 2 2
2 Rickard Rakell Kenndal McArdle Corey Tropp 40 1 2 2
PowerPlay Defense
Defense Defense Time % Phy DF OF
1 Rasmus Ristolainen Colby Cohen 60 1 2 2
2 Eric Mestery John Draeger 40 1 2 2
Penalty Kill 4 Players Forward
Center Wing Time % Phy DF OF
1 Dwight King Ryan Shannon 60 1 2 2
2 Tyler Brenner Kenndal McArdle 40 1 2 2
Penalty Kill 4 Players Defense
Defense Defense Time % Phy DF OF
1 Rasmus Ristolainen Colby Cohen 60 1 2 2
2 Eric Mestery John Draeger 40 1 2 2
Penalty Kill - 3 Players Forward
Forward Time % Phy DF OF
1 Dwight King 60 1 2 2
2 Ryan Shannon 40 1 2 2
Penalty Kill - 3 Players Defense
Defense Defense Time % Phy DF OF
1 Rasmus Ristolainen Colby Cohen 60 1 2 2
2 Eric Mestery John Draeger 40 1 2 2
4 vs 4 Forward
Center Wing Time % Phy DF OF
1 Dwight King Ryan Shannon 60 1 2 2
2 Tyler Brenner Kenndal McArdle 40 1 2 2
4 vs 4 Defense
Defense Defense Time % Phy DF OF
1 Rasmus Ristolainen Colby Cohen 60 1 2 2
2 Eric Mestery John Draeger 40 1 2 2
Last Minutes Offensive
Center Left Wing Right Wing Defense Defense
Tyler Brenner Dwight King Ryan Shannon Rasmus Ristolainen Colby Cohen
Last Minutes Defensive
Center Left Wing Right Wing Defense Defense
Tyler Brenner Dwight King Ryan Shannon Rasmus Ristolainen Colby Cohen
Goaltenders
Starting : Jake Allen
Backup : Jeff Frazee
Extra Forwards
Normal : Max McCormick, Mike Halmo, Joseph Cramarossa - PP : Max McCormick, Mike Halmo - PK : Joseph Cramarossa
Extra Defensemen
Normal : Eric Gustafsson, Wiley Sherman, Carl Dahlstrom - PP : Eric Gustafsson - PK : Wiley Sherman, Carl Dahlstrom
Penalty Shots
Dwight King, Ryan Shannon, Tyler Brenner, Kenndal McArdle, Rickard Rakell
Scratches
Jack Skille (Right Wrist Injury), Francois Tremblay (Healthy)
Senators
5 vs 5 Forward
Center Left Wing Right Wing Time % Phy DF OF
1 Stephane Da Costa Gabriel Bourque Marc-André Bernier 40 1 2 2
2 Tommy Wingels Nick Foligno Matt Frattin 30 1 2 2
3 Zemgus Girgensons Johannes Salmonsson Tomas Jurco 20 1 2 2
4 Chandler Stephenson Phil Di Giuseppe Sebastian Wannstrom 10 1 2 2
5 vs 5 Defense
Defense Defense Time % Phy DF OF
1 Arturs Kulda Olli Maatta 40 1 2 2
2 Samuel Morin Scott Harrington 30 1 2 2
3 Keegan Lowe Mason Geertsen 20 1 2 2
4 Arturs Kulda Olli Maatta 10 1 2 2
PowerPlay Forward
Center Left Wing Right Wing Time % Phy DF OF
1 Stephane Da Costa Gabriel Bourque Marc-André Bernier 60 1 2 2
2 Tommy Wingels Nick Foligno Matt Frattin 40 1 2 2
PowerPlay Defense
Defense Defense Time % Phy DF OF
1 Arturs Kulda Olli Maatta 60 1 2 2
2 Samuel Morin Scott Harrington 40 1 2 2
Penalty Kill 4 Players Forward
Center Wing Time % Phy DF OF
1 Stephane Da Costa Gabriel Bourque 60 1 2 2
2 Nick Foligno Johannes Salmonsson 40 1 2 2
Penalty Kill 4 Players Defense
Defense Defense Time % Phy DF OF
1 Arturs Kulda Olli Maatta 60 1 2 2
2 Samuel Morin Scott Harrington 40 1 2 2
Penalty Kill - 3 Players Forward
Forward Time % Phy DF OF
1 Stephane Da Costa 60 1 2 2
2 Gabriel Bourque 40 1 2 2
Penalty Kill - 3 Players Defense
Defense Defense Time % Phy DF OF
1 Arturs Kulda Olli Maatta 60 1 2 2
2 Samuel Morin Scott Harrington 40 1 2 2
4 vs 4 Forward
Center Wing Time % Phy DF OF
1 Stephane Da Costa Gabriel Bourque 60 1 2 2
2 Nick Foligno Johannes Salmonsson 40 1 2 2
4 vs 4 Defense
Defense Defense Time % Phy DF OF
1 Arturs Kulda Olli Maatta 60 1 2 2
2 Samuel Morin Scott Harrington 40 1 2 2
Last Minutes Offensive
Center Left Wing Right Wing Defense Defense
Stephane Da Costa Gabriel Bourque Marc-André Bernier Arturs Kulda Olli Maatta
Last Minutes Defensive
Center Left Wing Right Wing Defense Defense
Stephane Da Costa Gabriel Bourque Marc-André Bernier Arturs Kulda Olli Maatta
Goaltenders
Starting : Brad Thiessen
Backup : Ben Bishop
Extra Forwards
Normal : Tomas Jurco, Zemgus Girgensons, Phil Di Giuseppe - PP : Tomas Jurco, Zemgus Girgensons - PK : Phil Di Giuseppe
Extra Defensemen
Normal : Keegan Lowe, Mason Geertsen, Samuel Morin - PP : Keegan Lowe - PK : Mason Geertsen, Samuel Morin
Penalty Shots
Stephane Da Costa, Gabriel Bourque, Nick Foligno, Johannes Salmonsson, Marc-André Bernier
Scratches
Andy Andreoff (Healthy), Grant Besse (Healthy), Dylan Blujus (Healthy), Brett Bulmer (Healthy), Blake Coleman (Healthy)
% Time on Ice - Atomiques
Lines # - Real PCT - Wanted PCT - Time Play
Normal Forward
1 - 33% - 40% - 15:11
2 - 26% - 30% - 12:07
3 - 23% - 20% - 10:34
4 - 18% - 10% - 8:13
Normal Defense
1 - 41% - 40% - 18:40
2 - 30% - 30% - 13:37
3 - 14% - 20% - 6:36
4 - 16% - 10% - 7:12
PP Forward
1 - 56% - 60% - 6:38
2 - 44% - 40% - 5:16
PP Defense
1 - 66% - 60% - 7:54
2 - 34% - 40% - 4:00
PK Forward
1 - 74% - 60% - 1:29
2 - 26% - 40% - 0:32
PK Defense
1 - 53% - 60% - 1:04
2 - 47% - 40% - 0:57
PK3 Forward
1 - 0% - 60%
2 - 0% - 40%
PK3 Defense
1 - 0% - 60%
2 - 0% - 40%
44 Forward
1 - 0% - 60%
2 - 0% - 40%
44 Defense
1 - 0% - 60%
2 - 0% - 40%
Last Minute Offensive - 0:00
Last Minute Defensive - 0:00
Total
Forward - 60:00
Defense - 60:00
|
% Time on Ice - Senators
Lines # - Real PCT - Wanted PCT - Time Play
Normal Forward
1 - 36% - 40% - 16:24
2 - 28% - 30% - 12:54
3 - 18% - 20% - 8:23
4 - 18% - 10% - 8:24
Normal Defense
1 - 40% - 40% - 18:13
2 - 31% - 30% - 14:16
3 - 25% - 20% - 11:44
4 - 4% - 10% - 1:52
PP Forward
1 - 60% - 60% - 1:12
2 - 40% - 40% - 0:49
PP Defense
1 - 57% - 60% - 1:09
2 - 43% - 40% - 0:52
PK Forward
1 - 79% - 60% - 9:23
2 - 21% - 40% - 2:31
PK Defense
1 - 55% - 60% - 6:36
2 - 45% - 40% - 5:18
PK3 Forward
1 - 0% - 60%
2 - 0% - 40%
PK3 Defense
1 - 0% - 60%
2 - 0% - 40%
44 Forward
1 - 0% - 60%
2 - 0% - 40%
44 Defense
1 - 0% - 60%
2 - 0% - 40%
Last Minute Offensive - 0:00
Last Minute Defensive - 0:00
Total
Forward - 60:00
Defense - 60:00
|
Play-by-Play
1st period
0:01 of 1st period - Stephane Da Costa wins face-off versus Tyler Brenner in neutral zone.
0:04 of 1st period - Snap shot by Gabriel Bourque.
0:04 of 1st period - Shot Misses the Net.
0:10 of 1st period - Snap shot by Gabriel Bourque.
0:10 of 1st period - Stopped by Jake Allen with a rebound.
0:12 of 1st period - Slapshot by Gabriel Bourque.
0:12 of 1st period - Shot Misses the Net.
0:14 of 1st period - Snap shot by Olli Maatta.
0:14 of 1st period - Stopped by Jake Allen without a rebound.
0:15 of 1st period - Tommy Wingels wins face-off versus Rickard Rakell in Atomiques zone.
0:26 of 1st period - Snap shot by Matt Frattin.
0:26 of 1st period - Shot Misses the Net.
0:28 of 1st period - Slapshot by Tommy Wingels.
0:28 of 1st period - Stopped by Jake Allen without a rebound.
0:29 of 1st period - Zemgus Girgensons wins face-off versus Anthony Nigro in Atomiques zone.
3:46 of 1st period - Wrist shot by Ryan Shannon.
3:46 of 1st period - Shot Misses the Net.
4:09 of 1st period - Kenndal McArdle is hit by Keegan Lowe and loses puck.
4:26 of 1st period - Eric Gustafsson is hit by Phil Di Giuseppe and loses puck.
4:33 of 1st period - Keegan Lowe is hit by Colby Cohen and loses puck.
4:48 of 1st period - Snap shot by Tomas Jurco.
4:48 of 1st period - Stopped by Jake Allen with a rebound.
4:50 of 1st period - Wrist shot by Tomas Jurco.
4:50 of 1st period - Shot Misses the Net.
4:52 of 1st period - Slapshot by Keegan Lowe.
4:52 of 1st period - Shot Blocked by Dalton Smith.
4:54 of 1st period - Snap shot by Tomas Jurco.
4:54 of 1st period - Shot Blocked by Eric Gustafsson.
4:56 of 1st period - Slapshot by Keegan Lowe.
4:56 of 1st period - Stopped by Jake Allen with a rebound.
5:06 of 1st period - Stephane Da Costa is hit by Tyler Brenner and loses puck.
6:02 of 1st period - Wrist shot by Stephane Da Costa.
6:02 of 1st period - Stopped by Jake Allen with a rebound.
6:04 of 1st period - Slapshot by Olli Maatta.
6:04 of 1st period - Stopped by Jake Allen without a rebound.
6:05 of 1st period - Dwight King wins face-off versus Matt Frattin in Atomiques zone.
6:10 of 1st period - Wrist shot by Ryan Shannon.
6:10 of 1st period - Stopped by Brad Thiessen without a rebound.
6:11 of 1st period - Tommy Wingels wins face-off versus Tyler Brenner in Senators zone.
6:26 of 1st period - Snap shot by Ryan Shannon.
6:26 of 1st period - Deflect By Arturs Kulda.
6:26 of 1st period - Stopped by Brad Thiessen without a rebound.
6:27 of 1st period - Zemgus Girgensons wins face-off versus Kenndal McArdle in Senators zone.
6:27 of 1st period - Zemgus Girgensons is hit by Kenndal McArdle.
6:42 of 1st period - Minor Penalty to Corey Tropp for Holding.
6:43 of 1st period - Dwight King wins face-off versus Stephane Da Costa in Atomiques zone.
7:09 of 1st period - Rasmus Ristolainen is hit by Matt Frattin and loses puck.
7:10 of 1st period - Rasmus Ristolainen from Atomiques is injured at 7:10 of 1st period (Sports Hernia).
7:11 of 1st period - Dwight King wins face-off versus Stephane Da Costa in Atomiques zone.
7:11 of 1st period - Dwight King is hit by Arturs Kulda.
8:07 of 1st period - Snap shot by Marc-André Bernier.
8:07 of 1st period - Shot Misses the Net.
8:27 of 1st period - Wrist shot by Kenndal McArdle.
8:27 of 1st period - Shot Blocked by Samuel Morin.
8:42 of 1st period - Penalty to Corey Tropp is over, Corey Tropp is back on ice.
8:47 of 1st period - Johannes Salmonsson is hit by Anthony Nigro and loses puck.
9:41 of 1st period - Minor Penalty to Dwight King for Boarding.
9:42 of 1st period - Stephane Da Costa wins face-off versus Joseph Cramarossa in Atomiques zone.
9:43 of 1st period - Wrist shot by Gabriel Bourque.
9:43 of 1st period - Goal by Gabriel Bourque - Atomiques : 0 - Senators : 1.
9:44 of 1st period - Tyler Brenner wins face-off versus Stephane Da Costa in neutral zone.
9:47 of 1st period - Stephane Da Costa is hit by Colby Cohen and loses puck.
9:54 of 1st period - Wrist shot by Olli Maatta.
9:54 of 1st period - Stopped by Jake Allen with a rebound.
9:56 of 1st period - Snap shot by Marc-André Bernier.
9:56 of 1st period - Shot Blocked by Colby Cohen.
9:58 of 1st period - Slapshot by Olli Maatta.
9:58 of 1st period - Deflect By Stephane Da Costa.
9:58 of 1st period - Shot Blocked by Tyler Brenner.
9:58 of 1st period - Puck is out of play.
9:59 of 1st period - Rickard Rakell wins face-off versus Tommy Wingels in Atomiques zone.
9:59 of 1st period - Rickard Rakell is hit by Matt Frattin.
11:26 of 1st period - Kenndal McArdle is hit by Tommy Wingels and loses puck.
12:00 of 1st period - Icing by John Draeger.
12:01 of 1st period - Ryan Shannon wins face-off versus Nick Foligno in Atomiques zone.
12:26 of 1st period - Snap shot by Dwight King.
12:26 of 1st period - Shot Misses the Net.
12:28 of 1st period - Snap shot by Ryan Shannon.
12:28 of 1st period - Goal by Ryan Shannon - Atomiques : 1 - Senators : 1.
12:29 of 1st period - Stephane Da Costa wins face-off versus Rickard Rakell in neutral zone.
12:55 of 1st period - Matt Frattin is hit by Ryan Shannon and loses puck.
13:20 of 1st period - Slapshot by Johannes Salmonsson.
13:20 of 1st period - Deflect By Zemgus Girgensons.
13:20 of 1st period - Shot Misses the Net.
13:20 of 1st period - Puck is out of play.
13:21 of 1st period - Marc-André Bernier wins face-off versus Tyler Brenner in Atomiques zone.
13:36 of 1st period - Wrist shot by Ryan Shannon.
13:36 of 1st period - Goal by Ryan Shannon - Atomiques : 2 - Senators : 1.
13:37 of 1st period - Stephane Da Costa wins face-off versus Tyler Brenner in neutral zone.
13:52 of 1st period - Snap shot by Stephane Da Costa.
13:52 of 1st period - Shot Misses the Net.
14:47 of 1st period - Slapshot by Bobby Farnham.
14:47 of 1st period - Shot Misses the Net.
14:49 of 1st period - Wrist shot by Anthony Nigro.
14:49 of 1st period - Shot Blocked by Samuel Morin.
14:53 of 1st period - Snap shot by Brock McGinn.
14:53 of 1st period - Deflect By Anthony Nigro.
14:53 of 1st period - Stopped by Brad Thiessen without a rebound.
14:54 of 1st period - Tommy Wingels wins face-off versus Tyler Brenner in Senators zone.
15:07 of 1st period - Snap shot by Ryan Shannon.
15:07 of 1st period - Shot Blocked by Olli Maatta.
15:16 of 1st period - Minor Penalty to Matt Frattin for Hooking.
15:17 of 1st period - Stephane Da Costa wins face-off versus Tyler Brenner in Senators zone.
16:20 of 1st period - Icing by Eric Mestery.
16:21 of 1st period - Rickard Rakell wins face-off versus Phil Di Giuseppe in Atomiques zone.
17:16 of 1st period - Penalty to Matt Frattin is over, Matt Frattin is back on ice.
17:19 of 1st period - Snap shot by Anthony Nigro.
17:19 of 1st period - Shot Misses the Net.
17:21 of 1st period - Snap shot by Anthony Nigro.
17:21 of 1st period - Stopped by Brad Thiessen without a rebound.
17:22 of 1st period - Anthony Nigro wins face-off versus Tommy Wingels in Senators zone.
17:23 of 1st period - Slapshot by Brock McGinn.
17:23 of 1st period - Stopped by Brad Thiessen without a rebound.
17:24 of 1st period - Tommy Wingels wins face-off versus Anthony Nigro in Senators zone.
17:24 of 1st period - Tommy Wingels is hit by Anthony Nigro.
17:35 of 1st period - Snap shot by Brock McGinn.
17:35 of 1st period - Goal by Brock McGinn - Atomiques : 3 - Senators : 1.
17:36 of 1st period - Gabriel Bourque wins face-off versus Tyler Brenner in neutral zone.
17:48 of 1st period - Snap shot by Ryan Shannon.
17:48 of 1st period - Shot Misses the Net.
17:50 of 1st period - Slapshot by Ryan Shannon.
17:50 of 1st period - Deflect By Dwight King.
17:50 of 1st period - Stopped by Brad Thiessen without a rebound.
17:51 of 1st period - Nick Foligno wins face-off versus Kenndal McArdle in Senators zone.
17:53 of 1st period - Minor Penalty to Nick Foligno for Goalie Interference.
17:54 of 1st period - Stephane Da Costa wins face-off versus Tyler Brenner in Senators zone.
19:53 of 1st period - Penalty to Nick Foligno is over, Nick Foligno is back on ice.
Goals for this period are 3 for Atomiques vs 1 for Senators.
Shots for this period are 9 for Atomiques vs 9 for Senators.
2nd period
0:01 of 2nd period - Stephane Da Costa wins face-off versus Ryan Shannon in neutral zone.
0:05 of 2nd period - Snap shot by Stephane Da Costa.
0:05 of 2nd period - Shot Misses the Net.
0:07 of 2nd period - Snap shot by Marc-André Bernier.
0:07 of 2nd period - Stopped by Jake Allen with a rebound.
0:09 of 2nd period - Snap shot by Arturs Kulda.
0:09 of 2nd period - Shot Misses the Net.
0:15 of 2nd period - Backhand shot by Stephane Da Costa.
0:15 of 2nd period - Shot Hit the Post.
0:25 of 2nd period - Olli Maatta is hit by Corey Tropp and loses puck.
0:30 of 2nd period - Wrist shot by Kenndal McArdle.
0:30 of 2nd period - Shot Misses the Net.
0:32 of 2nd period - Slapshot by John Draeger.
0:32 of 2nd period - Shot Misses the Net.
0:34 of 2nd period - Wrist shot by Kenndal McArdle.
0:34 of 2nd period - Shot Hit the Post.
1:10 of 2nd period - Wrist shot by Marc-André Bernier.
1:10 of 2nd period - Shot Misses the Net.
1:16 of 2nd period - Slapshot by Gabriel Bourque.
1:16 of 2nd period - Stopped by Jake Allen with a rebound.
1:18 of 2nd period - Snap shot by Stephane Da Costa.
1:18 of 2nd period - Shot Blocked by Eric Mestery.
1:20 of 2nd period - Slapshot by Scott Harrington.
1:20 of 2nd period - Stopped by Jake Allen without a rebound.
1:21 of 2nd period - Tommy Wingels wins face-off versus Tyler Brenner in Atomiques zone.
1:54 of 2nd period - Wrist shot by Stephane Da Costa.
1:54 of 2nd period - Shot Misses the Net.
1:58 of 2nd period - Slapshot by Gabriel Bourque.
1:58 of 2nd period - Stopped by Jake Allen with a rebound.
2:27 of 2nd period - Icing by Johannes Salmonsson.
2:28 of 2nd period - Anthony Nigro wins face-off versus Zemgus Girgensons in Senators zone.
2:33 of 2nd period - Snap shot by Ryan Shannon.
2:33 of 2nd period - Goal by Ryan Shannon - Atomiques : 4 - Senators : 1.
2:33 of 2nd period - Ben Bishop enters game.
2:34 of 2nd period - Stephane Da Costa wins face-off versus Tyler Brenner in neutral zone.
2:36 of 2nd period - Arturs Kulda is hit by Ryan Shannon and loses puck.
3:05 of 2nd period - Nick Foligno is hit by Colby Cohen and loses puck.
3:10 of 2nd period - Slapshot by Eric Gustafsson.
3:10 of 2nd period - Deflect By Mitch Callahan.
3:10 of 2nd period - Shot Misses the Net.
3:10 of 2nd period - Puck is out of play.
3:11 of 2nd period - Tommy Wingels wins face-off versus Tyler Brenner in Senators zone.
3:16 of 2nd period - Slapshot by Nick Foligno.
3:16 of 2nd period - Stopped by Jake Allen without a rebound.
3:17 of 2nd period - Tyler Brenner wins face-off versus Nick Foligno in Atomiques zone.
3:46 of 2nd period - Snap shot by Anthony Nigro.
3:46 of 2nd period - Stopped by Ben Bishop with a rebound.
3:53 of 2nd period - Icing by Keegan Lowe.
3:54 of 2nd period - Rickard Rakell wins face-off versus Tommy Wingels in Senators zone.
3:55 of 2nd period - Snap shot by Corey Tropp.
3:55 of 2nd period - Stopped by Ben Bishop with a rebound.
4:25 of 2nd period - Wrist shot by Ryan Shannon.
4:25 of 2nd period - Shot Hit the Post.
5:12 of 2nd period - Slapshot by Anthony Nigro.
5:12 of 2nd period - Goal by Anthony Nigro - Atomiques : 5 - Senators : 1.
5:13 of 2nd period - Stephane Da Costa wins face-off versus Tyler Brenner in neutral zone.
5:22 of 2nd period - Slapshot by Stephane Da Costa.
5:22 of 2nd period - Goal by Stephane Da Costa - Atomiques : 5 - Senators : 2.
5:23 of 2nd period - Stephane Da Costa wins face-off versus Rickard Rakell in neutral zone.
5:31 of 2nd period - Wiley Sherman is hit by Marc-André Bernier and loses puck.
5:58 of 2nd period - Off-side.
5:59 of 2nd period - Rickard Rakell wins face-off versus Stephane Da Costa in neutral zone.
6:02 of 2nd period - Gabriel Bourque is hit by Kenndal McArdle and loses puck.
6:09 of 2nd period - Snap shot by Rickard Rakell.
6:09 of 2nd period - Stopped by Ben Bishop without a rebound.
6:10 of 2nd period - Tyler Brenner wins face-off versus Stephane Da Costa in Senators zone.
6:24 of 2nd period - Slapshot by Dwight King.
6:24 of 2nd period - Stopped by Ben Bishop without a rebound.
6:25 of 2nd period - Tommy Wingels wins face-off versus Rickard Rakell in Senators zone.
6:29 of 2nd period - Off-side.
6:30 of 2nd period - Tommy Wingels wins face-off versus Rickard Rakell in neutral zone.
8:31 of 2nd period - Minor Penalty to Gabriel Bourque for Tripping.
8:32 of 2nd period - Stephane Da Costa wins face-off versus Tyler Brenner in Senators zone.
8:57 of 2nd period - Colby Cohen is hit by Scott Harrington and loses puck.
9:16 of 2nd period - Slapshot by Zemgus Girgensons.
9:16 of 2nd period - Goal by Zemgus Girgensons - Atomiques : 5 - Senators : 3.
9:17 of 2nd period - Tyler Brenner wins face-off versus Stephane Da Costa in neutral zone.
9:19 of 2nd period - Off-side.
9:20 of 2nd period - Tyler Brenner wins face-off versus Stephane Da Costa in neutral zone.
9:25 of 2nd period - Stephane Da Costa is hit by Eric Gustafsson and loses puck.
10:18 of 2nd period - John Draeger is hit by Olli Maatta and loses puck.
10:31 of 2nd period - Penalty to Gabriel Bourque is over, Gabriel Bourque is back on ice.
10:35 of 2nd period - Arturs Kulda is hit by Rickard Rakell and loses puck.
11:10 of 2nd period - Phil Di Giuseppe is hit by Eric Gustafsson and loses puck.
11:23 of 2nd period - Wrist shot by Johannes Salmonsson.
11:23 of 2nd period - Shot Misses the Net.
11:39 of 2nd period - Brock McGinn is hit by Gabriel Bourque and loses puck.
12:10 of 2nd period - Snap shot by Dalton Smith.
12:10 of 2nd period - Stopped by Ben Bishop with a rebound.
12:27 of 2nd period - Tomas Jurco is hit by John Draeger and loses puck.
12:42 of 2nd period - Brock McGinn is hit by Matt Frattin and loses puck.
12:49 of 2nd period - Slapshot by Matt Frattin.
12:49 of 2nd period - Shot Misses the Net.
13:07 of 2nd period - Wrist shot by Corey Tropp.
13:07 of 2nd period - Stopped by Ben Bishop with a rebound.
13:44 of 2nd period - Eric Gustafsson is hit by Samuel Morin and loses puck.
14:05 of 2nd period - Snap shot by Bobby Farnham.
14:05 of 2nd period - Shot Misses the Net.
14:07 of 2nd period - Slapshot by Eric Gustafsson.
14:07 of 2nd period - Stopped by Ben Bishop with a rebound.
14:23 of 2nd period - Snap shot by Kenndal McArdle.
14:23 of 2nd period - Goal by Kenndal McArdle - Atomiques : 6 - Senators : 3.
14:24 of 2nd period - Tyler Brenner wins face-off versus Stephane Da Costa in neutral zone.
14:27 of 2nd period - Gabriel Bourque is hit by Eric Mestery and loses puck.
14:40 of 2nd period - Snap shot by Ryan Shannon.
14:40 of 2nd period - Deflect By Dwight King.
14:40 of 2nd period - Stopped by Ben Bishop without a rebound.
14:41 of 2nd period - Rickard Rakell wins face-off versus Tommy Wingels in Senators zone.
14:42 of 2nd period - Wrist shot by Corey Tropp.
14:42 of 2nd period - Stopped by Ben Bishop without a rebound.
14:43 of 2nd period - Stephane Da Costa wins face-off versus Tyler Brenner in Senators zone.
14:45 of 2nd period - Minor Penalty to Marc-André Bernier for Holding.
14:46 of 2nd period - Stephane Da Costa wins face-off versus Tyler Brenner in Senators zone.
16:45 of 2nd period - Penalty to Marc-André Bernier is over, Marc-André Bernier is back on ice.
16:49 of 2nd period - Icing by Carl Dahlstrom.
16:50 of 2nd period - Max McCormick wins face-off versus Tommy Wingels in Atomiques zone.
17:35 of 2nd period - Minor Penalty to Phil Di Giuseppe for Roughing.
17:36 of 2nd period - Tyler Brenner wins face-off versus Stephane Da Costa in Senators zone.
18:48 of 2nd period - Icing by Rickard Rakell.
18:49 of 2nd period - Rickard Rakell wins face-off versus Nick Foligno in Atomiques zone.
18:54 of 2nd period - Samuel Morin is hit by Eric Mestery.
19:28 of 2nd period - Dwight King is hit by Stephane Da Costa and loses puck.
19:35 of 2nd period - Penalty to Phil Di Giuseppe is over, Phil Di Giuseppe is back on ice.
Goals for this period are 3 for Atomiques vs 2 for Senators.
Shots for this period are 12 for Atomiques vs 7 for Senators.
3rd period
0:01 of 3rd period - Gabriel Bourque wins face-off versus Tyler Brenner in neutral zone.
0:04 of 3rd period - Eric Gustafsson is hit by Marc-André Bernier and loses puck.
0:16 of 3rd period - Tyler Brenner is hit by Arturs Kulda.
0:28 of 3rd period - Tommy Wingels is hit by Rickard Rakell and loses puck.
0:58 of 3rd period - Snap shot by Johannes Salmonsson.
0:58 of 3rd period - Shot Misses the Net.
1:00 of 3rd period - Slapshot by Arturs Kulda.
1:00 of 3rd period - Shot Misses the Net.
1:16 of 3rd period - Snap shot by Phil Di Giuseppe.
1:16 of 3rd period - Stopped by Jake Allen with a rebound.
1:18 of 3rd period - Wrist shot by Phil Di Giuseppe.
1:18 of 3rd period - Stopped by Jake Allen without a rebound.
1:19 of 3rd period - Tyler Brenner wins face-off versus Chandler Stephenson in Atomiques zone.
1:28 of 3rd period - Snap shot by Ryan Shannon.
1:28 of 3rd period - Goal by Ryan Shannon - Atomiques : 7 - Senators : 3.
1:29 of 3rd period - Tyler Brenner wins face-off versus Stephane Da Costa in neutral zone.
1:51 of 3rd period - Icing by Scott Harrington.
1:52 of 3rd period - Rickard Rakell wins face-off versus Stephane Da Costa in Senators zone.
2:56 of 3rd period - Wrist shot by Dalton Smith.
2:56 of 3rd period - Shot Blocked by Tomas Jurco.
3:16 of 3rd period - Slapshot by Arturs Kulda.
3:16 of 3rd period - Deflect By Corey Tropp.
3:16 of 3rd period - Stopped by Jake Allen with a rebound.
3:18 of 3rd period - Slapshot by Olli Maatta.
3:18 of 3rd period - Shot Blocked by Rickard Rakell.
3:20 of 3rd period - Slapshot by Phil Di Giuseppe.
3:20 of 3rd period - Stopped by Jake Allen without a rebound.
3:21 of 3rd period - Chandler Stephenson wins face-off versus Rickard Rakell in Atomiques zone.
3:24 of 3rd period - Snap shot by Sebastian Wannstrom.
3:24 of 3rd period - Stopped by Jake Allen with a rebound.
3:43 of 3rd period - Wiley Sherman is hit by Phil Di Giuseppe and loses puck.
3:58 of 3rd period - Slapshot by Olli Maatta.
3:58 of 3rd period - Shot Blocked by Eric Gustafsson.
4:09 of 3rd period - Arturs Kulda is hit by Corey Tropp and loses puck.
4:18 of 3rd period - Snap shot by Corey Tropp.
4:18 of 3rd period - Shot Misses the Net.
4:20 of 3rd period - Snap shot by Kenndal McArdle.
4:20 of 3rd period - Shot Misses the Net.
4:22 of 3rd period - Snap shot by Rickard Rakell.
4:22 of 3rd period - Shot Misses the Net.
4:24 of 3rd period - Slapshot by Kenndal McArdle.
4:24 of 3rd period - Deflect By Rickard Rakell.
4:24 of 3rd period - Stopped by Ben Bishop with a rebound.
4:48 of 3rd period - Kenndal McArdle is hit by Olli Maatta and loses puck.
5:24 of 3rd period - Icing by Sebastian Wannstrom.
5:25 of 3rd period - Tyler Brenner wins face-off versus Chandler Stephenson in Senators zone.
5:26 of 3rd period - Slapshot by Dwight King.
5:26 of 3rd period - Shot Misses the Net.
6:15 of 3rd period - Phil Di Giuseppe is hit by Colby Cohen and loses puck.
6:36 of 3rd period - Slapshot by Colby Cohen.
6:36 of 3rd period - Shot Blocked by Samuel Morin.
6:38 of 3rd period - Snap shot by Jacob De La Rose.
6:38 of 3rd period - Shot Misses the Net.
6:40 of 3rd period - Slapshot by Carl Dahlstrom.
6:40 of 3rd period - Shot Misses the Net.
6:42 of 3rd period - Snap shot by Jacob De La Rose.
6:42 of 3rd period - Stopped by Ben Bishop with a rebound.
6:44 of 3rd period - Slapshot by Colby Cohen.
6:44 of 3rd period - Shot Blocked by Scott Harrington.
6:46 of 3rd period - Slapshot by Carl Dahlstrom.
6:46 of 3rd period - Deflect By Mitch Callahan.
6:46 of 3rd period - Shot Blocked by Phil Di Giuseppe.
6:46 of 3rd period - Puck is out of play.
6:47 of 3rd period - Stephane Da Costa wins face-off versus Tyler Brenner in Senators zone.
7:13 of 3rd period - Tommy Wingels is hit by Brock McGinn and loses puck.
7:20 of 3rd period - Snap shot by Anthony Nigro.
7:20 of 3rd period - Stopped by Ben Bishop without a rebound.
7:21 of 3rd period - Tyler Brenner wins face-off versus Stephane Da Costa in Senators zone.
7:47 of 3rd period - Anthony Nigro is hit by Nick Foligno and loses puck.
8:10 of 3rd period - Eric Mestery is hit by Johannes Salmonsson and loses puck.
8:21 of 3rd period - Johannes Salmonsson is hit by Mitch Callahan and loses puck.
8:28 of 3rd period - Eric Mestery is hit by Johannes Salmonsson and loses puck.
8:37 of 3rd period - Wrist shot by Tomas Jurco.
8:37 of 3rd period - Goal by Tomas Jurco - Atomiques : 7 - Senators : 4.
8:38 of 3rd period - Stephane Da Costa wins face-off versus Tyler Brenner in neutral zone.
8:42 of 3rd period - Icing by Eric Gustafsson.
8:43 of 3rd period - Stephane Da Costa wins face-off versus Tyler Brenner in Atomiques zone.
8:50 of 3rd period - Snap shot by Stephane Da Costa.
8:50 of 3rd period - Shot Blocked by Eric Gustafsson.
9:12 of 3rd period - Wrist shot by Corey Tropp.
9:12 of 3rd period - Stopped by Ben Bishop with a rebound.
9:34 of 3rd period - Snap shot by Arturs Kulda.
9:34 of 3rd period - Shot Blocked by Wiley Sherman.
9:36 of 3rd period - Slapshot by Arturs Kulda.
9:36 of 3rd period - Stopped by Jake Allen without a rebound.
9:37 of 3rd period - Stephane Da Costa wins face-off versus Tyler Brenner in Atomiques zone.
9:46 of 3rd period - Snap shot by Marc-André Bernier.
9:46 of 3rd period - Stopped by Jake Allen with a rebound.
9:48 of 3rd period - Slapshot by Gabriel Bourque.
9:48 of 3rd period - Stopped by Jake Allen with a rebound.
9:50 of 3rd period - Slapshot by Scott Harrington.
9:50 of 3rd period - Stopped by Jake Allen without a rebound.
9:51 of 3rd period - Stephane Da Costa wins face-off versus Tyler Brenner in Atomiques zone.
10:21 of 3rd period - Slapshot by Eric Gustafsson.
10:21 of 3rd period - Shot Misses the Net.
10:23 of 3rd period - Wrist shot by Colby Cohen.
10:23 of 3rd period - Stopped by Ben Bishop with a rebound.
10:25 of 3rd period - Wrist shot by Rickard Rakell.
10:25 of 3rd period - Stopped by Ben Bishop with a rebound.
10:27 of 3rd period - Wrist shot by Kenndal McArdle.
10:27 of 3rd period - Stopped by Ben Bishop without a rebound.
10:28 of 3rd period - Marc-André Bernier wins face-off versus Tyler Brenner in Senators zone.
10:33 of 3rd period - Slapshot by Olli Maatta.
10:33 of 3rd period - Stopped by Jake Allen with a rebound.
10:53 of 3rd period - Olli Maatta is hit by Kenndal McArdle and loses puck.
11:12 of 3rd period - Olli Maatta is hit by Anthony Nigro and loses puck.
11:43 of 3rd period - Snap shot by Phil Di Giuseppe.
11:43 of 3rd period - Shot Misses the Net.
11:55 of 3rd period - Slapshot by Wiley Sherman.
11:55 of 3rd period - Stopped by Ben Bishop with a rebound.
11:57 of 3rd period - Slapshot by Wiley Sherman.
11:57 of 3rd period - Deflect By Dalton Smith.
11:57 of 3rd period - Stopped by Ben Bishop with a rebound.
12:15 of 3rd period - Snap shot by Rickard Rakell.
12:15 of 3rd period - Stopped by Ben Bishop without a rebound.
12:16 of 3rd period - Tommy Wingels wins face-off versus Rickard Rakell in Senators zone.
12:16 of 3rd period - Tommy Wingels is hit by Rickard Rakell.
12:32 of 3rd period - Snap shot by Nick Foligno.
12:32 of 3rd period - Stopped by Jake Allen without a rebound.
12:33 of 3rd period - Tyler Brenner wins face-off versus Stephane Da Costa in Atomiques zone.
12:58 of 3rd period - Tommy Wingels is hit by Colby Cohen.
13:01 of 3rd period - Off-side.
13:02 of 3rd period - Rickard Rakell wins face-off versus Tommy Wingels in neutral zone.
13:27 of 3rd period - Eric Mestery is hit by Marc-André Bernier and loses puck.
13:48 of 3rd period - Snap shot by Brock McGinn.
13:48 of 3rd period - Shot Blocked by Scott Harrington.
13:56 of 3rd period - Slapshot by Brock McGinn.
13:56 of 3rd period - Shot Misses the Net.
14:33 of 3rd period - Ryan Shannon is hit by Tomas Jurco and loses puck.
15:14 of 3rd period - Wrist shot by Brock McGinn.
15:14 of 3rd period - Shot Misses the Net.
15:16 of 3rd period - Snap shot by Brock McGinn.
15:16 of 3rd period - Stopped by Ben Bishop with a rebound.
15:22 of 3rd period - Slapshot by Anthony Nigro.
15:22 of 3rd period - Stopped by Ben Bishop without a rebound.
15:23 of 3rd period - Tyler Brenner wins face-off versus Stephane Da Costa in Senators zone.
15:55 of 3rd period - Mason Geertsen is hit by Kenndal McArdle and loses puck.
16:44 of 3rd period - Minor Penalty to Gabriel Bourque for Holding.
16:45 of 3rd period - Stephane Da Costa wins face-off versus Tyler Brenner in Senators zone.
17:10 of 3rd period - Johannes Salmonsson is hit by Corey Tropp and loses puck.
17:19 of 3rd period - Johannes Salmonsson is hit by Corey Tropp and loses puck.
17:38 of 3rd period - Phil Di Giuseppe is hit by Ryan Shannon and loses puck.
18:25 of 3rd period - Nick Foligno is hit by Dwight King and loses puck.
18:44 of 3rd period - Penalty to Gabriel Bourque is over, Gabriel Bourque is back on ice.
18:52 of 3rd period - Samuel Morin is hit by Bobby Farnham and loses puck.
19:32 of 3rd period - Wrist shot by Gabriel Bourque.
19:32 of 3rd period - Shot Misses the Net.
19:38 of 3rd period - Stephane Da Costa is hit by Dalton Smith and loses puck.
19:57 of 3rd period - Slapshot by Mitch Callahan.
19:57 of 3rd period - Shot Misses the Net.
Goals for this period are 1 for Atomiques vs 1 for Senators.
Shots for this period are 13 for Atomiques vs 12 for Senators.
Back to the Top